 Dungeon Crawl Stone Soup version 0.18-a0-1426-g3b9a63c (webtiles) character file.

6491 Slowtrain the Martial Artist (level 11, -4/91 HPs)
             Began as a Naga Transmuter on Feb 27, 2016.
             Was a Believer of Ru.
             Slain by a white ugly thing (12 damage)
             ... on level 10 of the Dungeon.
             The game lasted 01:06:08 (11409 turns).

Slowtrain the Martial Artist (Naga Transmuter)     Turns: 11409, Time: 01:06:08

Health: -4/91      AC:  4    Str: 13    XL:     11   Next: 0%
Magic:  10/14      EV: 22    Int: 14    God:    Ru [**....]
Gold:   488        SH:  0    Dex: 19    Spells: 4 memorised, 4 levels left

rFire  . . .     SeeInvis +       - Unarmed
rCold  . . .     Gourm    .     (armour currently unavailable)
rNeg   . . .     Faith    .     (shield currently unavailable)
rPois  x         Spirit   .     (helmet currently unavailable)
rElec  .         Dismiss  .     (cloak currently unavailable)
rCorr  .         Reflect  .     (gloves currently unavailable)
SustAt .         Harm     .     (no barding)
MR     +....                    (no amulet)
Stlth  ++++......               (no ring)
                                L - +2 ring of protection

@: spider-form, no potions, somewhat resistant to hostile enchantments, stealthy
A: see invisible, (deformed body), (poison resistance), (slowness 0), slow
metabolism 1, spit poison 2, inability to drink while threatened, hated by all,
AC +3
a: Spit Poison, End Transformation, Renounce Religion


You were on level 10 of the Dungeon.
You worshipped Ru.
Ru was pleased with you.
You were hungry.
You were a venomous arachnid creature.
You visited 2 branches of the dungeon, and saw 11 of its levels.
You also visited: Sewer.

You collected 488 gold pieces.

Inventory:

Missiles
 a - 126 arrows
 h - 383 stones (quivered)
 p - 89 poisoned needles
 q - 11 tomahawks
 t - 7 needles of frenzy
 x - 10 arrows of frost
 W - 7 needles of sleeping
 Y - 3 throwing nets
Armour
 b - a +0 robe
 j - a +0 leather armour
 l - a +0 pair of gloves (melded)
 y - a +0 buckler
 G - a +0 pair of gloves
 P - a +2 cloak (melded)
 X - a +1 leather armour of fire resistance (melded)
 Z - a +0 naga barding (melded)
Jewellery
 w - an uncursed amulet of dismissal
 L - a +2 ring of protection (left front leg)
Wands
 g - a wand of digging (12/24)
 i - a wand of polymorph (6/24)
 N - a wand of paralysis (15/24)
 R - a wand of hasting (1/9)
 U - a wand of paralysis (14/24)
Scrolls
 e - 6 scrolls of remove curse
 k - 2 scrolls of enchant weapon {unknown}
 m - a scroll of torment {unknown}
 o - 2 scrolls of teleportation
 v - a scroll of immolation {unknown}
 D - a scroll of fog
 E - a scroll of noise {unknown}
 M - a scroll of fear {unknown}
 Q - a scroll of identify
 T - a scroll of amnesia {unknown}
Potions
 f - 2 potions of cure mutation
 n - a potion of flight
 s - a potion of lignification {unknown}
 u - 2 potions of resistance
 A - 3 potions of brilliance
 B - a potion of magic {unknown}
 C - a potion of invisibility {unknown}
 F - 3 potions of curing {unknown}
 I - a potion of berserk rage
Books
 c - a book of Changes

   Spells                             Type                      Level
   a - Beastly Appendage              Transmutation                1
   b - Sticks to Snakes               Transmutation                2
   c - Spider Form                    Transmutation/Poison         3
   d - Ice Form                       Ice/Transmutation            4
   e - Blade Hands                    Transmutation                5
 r - a book of Maledictions

   Spells                             Type                      Level
   a - Corona                         Hexes                        1
   b - Ensorcelled Hibernation        Hexes/Ice                    2
   c - Confuse                        Hexes                        3
   d - Tukima's Dance                 Hexes                        3
   e - Dazzling Spray                 Conjuration/Hexes            3
 J - a book of the Sky

   Spells                             Type                      Level
   a - Summon Lightning Spire         Summoning/Air                4
   b - Airstrike                      Air                          4
   c - Silence                        Hexes/Air                    5
   d - Deflect Missiles               Charms/Air                   6
   e - Conjure Ball Lightning         Conjuration/Air              6
   f - Tornado                        Air                          9
 S - a book of Death

   Spells                             Type                      Level
   a - Corpse Rot                     Necromancy                   2
   b - Sublimation of Blood           Necromancy                   2
   c - Agony                          Necromancy                   5
   d - Dispel Undead                  Necromancy                   5
   e - Excruciating Wounds            Charms/Necromancy            5
   f - Bolt of Draining               Conjuration/Necromancy       5
Comestibles
 d - 9 bread rations
 z - 5 fruits
 H - 4 meat rations
 K - 6 beef jerkies
 O - 2 royal jellies


   Skills:
 + Level 3.8 Fighting
 + Level 3.7 Dodging
 - Level 5.3 Stealth
 - Level 11.0 Unarmed Combat
 - Level 2.0 Spellcasting
 - Level 9.1 Transmutations
 - Level 4.6 Ice Magic
 - Level 3.5 Poison Magic


You had 4 spell levels left.
You knew the following spells:

 Your Spells              Type           Power        Failure   Level  Hunger
a - Beastly Appendage     Trmt           ####..       4%          1    ##.....
b - Sticks to Snakes      Trmt           ####....     4%          2    ###....
c - Spider Form           Trmt/Pois      ###.......   21%         3    ####...
d - Ice Form              Ice/Trmt       ###.....     36%         4    #####..


Dungeon Overview and Level Annotations

Branches:
Dungeon (10/15)            Temple (1/1) D:5            Lair (0/8) D:9
    Orc: D:9-12

Altars:
Ashenzari
Cheibriados
Dithmenos
Elyvilon
Fedhas
Gozag
Kikubaaqudgha
Makhleb
Nemelex Xobeh
Okawaru
Pakellas
Qazlal
Ru
Sif Muna
Trog
Vehumet
Xom
Yredelemnul
Zin
The Shining One

Annotations:
D:3 namelastname112's ghost, amateur DrTm
D:8 1 runed door, Psyche


Innate Abilities, Weirdness & Mutations

You cannot wear boots.
((Your serpentine skin is tough (AC +3).))
You have supernaturally acute eyesight.
((Armour fits poorly on your strangely shaped body.))
((Your system is resistant to poisons.))
((You cover ground very slowly.))
You have a slow metabolism.
You can spit poison.
You cannot drink potions while threatened.
You are hated by all.


Message History

You barely miss the white ugly thing.
The white ugly thing is heavily wounded.
The white ugly thing completely misses you.
You hit the white ugly thing.
The white ugly thing is heavily wounded.
The white ugly thing bites you!
You feel threatened and lose the ability to drink potions!
The white ugly thing freezes you!!
* * * LOW HITPOINT WARNING * * *
Read which item? (? for menu, Esc to quit)
Okay, then.
Casting: Spider Form
Confirm with . or Enter, or press ? or * to list all spells.
The ball python can only feel hate for you! x2
You create 2 snakes!
You now have 136 arrows. 2 ball pythons come into view.
The white ugly thing bites you.
* * * LOW HITPOINT WARNING * * *
The white ugly thing freezes you!
You die...

#. #.### #
#.####
#.#..#
#..###
......#.##
.....###.#
....# #.##
.##.#####.#
(......usS#
.##.#####.#
#S# ###


You could see a white ugly thing and 2 ball pythons.

Vanquished Creatures
  Erolcha (D:8)
  Maurice (D:8)
  Prince Ribbit (D:8)
  A two-headed ogre (D:9)
  A hippogriff (D:7)
  A warg (D:9)
  A black bear (D:7)
  5 orc warriors
  8 ogres
  3 sky beasts
  2 ice beasts
  3 phantoms
  3 centaurs
  A big kobold (D:7)
  3 giant frogs
  A gnoll sergeant (D:10)
  A scorpion (D:10)
  3 killer bees (D:9)
  6 wights (D:9)
  2 jellies (D:9)
  A howler monkey (D:9)
  2 crimson imps
  A centaur zombie (D:9)
  3 hounds
  A human zombie (D:8)
  3 giant frog skeletons
  7 orc priests
  A centaur skeleton (D:5)
  6 iguanas
  11 orc wizards
  8 worker ants
  A hound zombie (D:6)
  5 gnolls (D:10)
  9 adders
  6 oozes (Sewer)
  An adder skeleton (D:5)
  7 worms
  9 giant geckos
  47 orcs
  12 bats
  8 giant cockroaches
  4 hobgoblins
  15 jackals
  9 kobolds
  2 quokkas
  2 ball pythons
  A ball python zombie (D:5)
  A giant gecko skeleton (D:4)
  A giant gecko zombie (D:8)
  6 giant newts
  9 goblins
  A kobold zombie (D:8)
  A quokka skeleton (D:4)
  12 rats
261 creatures vanquished.

Vanquished Creatures (others)
  A hippogriff (D:9)
  A warg (D:9)
2 creatures vanquished.

Grand Total: 263 creatures vanquished

Notes
Turn   | Place    | Note
--------------------------------------------------------------
     0 | D:1      | Slowtrain the Naga Transmuter began the quest for the Orb.
     0 | D:1      | Reached XP level 1. HP: 18/18 MP: 3/3
   210 | D:1      | Reached XP level 2. HP: 23/25 MP: 5/5
   302 | D:1      | Learned a level 2 spell: Sticks to Snakes
   934 | D:2      | Reached XP level 3. HP: 31/31 MP: 6/6
  1248 | D:2      | Reached skill level 4 in Unarmed Combat
  1265 | D:2      | Learned a level 3 spell: Spider Form
  1511 | D:3      | Reached XP level 4. HP: 38/38 MP: 7/7
  1691 | D:3      | Reached skill level 1 in Poison Magic
  2123 | D:3      | Noticed namelastname112's ghost (amateur DrTm)
  2239 | D:4      | Reached XP level 5. HP: 44/44 MP: 8/8
  2250 | D:4      | Noticed an ogre
  2266 | D:4      | Killed an ogre
  2405 | D:4      | Reached XP level 6. HP: 48/51 MP: 9/9
  2632 | D:4      | Found a glowing drain.
  2638 | Sewer    | Entered a sewer
  3191 | Sewer    | Reached skill level 5 in Unarmed Combat
  3275 | Sewer    | Reached skill level 5 in Transmutations
  3560 | D:4      | Reached skill level 1 in Stealth
  3560 | D:4      | Reached XP level 7. HP: 57/57 MP: 6/10
  3649 | D:5      | Entered Level 5 of the Dungeon
  3844 | D:5      | Found a shimmering altar of Xom.
  3869 | D:5      | Found a stormy altar of Qazlal.
  3880 | D:5      | Found a blossoming altar of Fedhas.
  3916 | D:5      | Found a staircase to the Ecumenical Temple.
  3944 | Temple   | Entered the Ecumenical Temple
  4153 | Temple   | Became a worshipper of Ru the Awakened
  4556 | D:5      | Found a deep blue altar of Sif Muna.
  4577 | D:5      | Reached skill level 6 in Unarmed Combat
  4664 | D:5      | Found a glowing silver altar of Zin.
  4664 | D:5      | Found a snail-covered altar of Cheibriados.
  4680 | D:5      | Found a white marble altar of Elyvilon.
  4683 | D:5      | Found a shattered altar of Ashenzari.
  5131 | D:6      | Reached XP level 8. HP: 43/64 MP: 7/11
  5459 | D:6      | Reached skill level 7 in Unarmed Combat
  5492 | D:6      | Reached skill level 5 in Stealth
  6020 | D:6      | Gained mutation: You cannot drink potions while threatened. [Ru sacrifice]
  6020 | D:6      | Reached * piety under Ru
  6355 | D:6      | Reached skill level 8 in Unarmed Combat
  6698 | D:7      | Reached XP level 9. HP: 54/70 MP: 8/12
  6734 | D:7      | Reached skill level 9 in Unarmed Combat
  7824 | D:7      | Reached skill level 10 in Unarmed Combat
  8246 | D:8      | Noticed Maurice
  8272 | D:8      | Killed Maurice
  8359 | D:8      | Noticed Erolcha
  8427 | D:8      | Noticed Psyche
  8506 | D:8      | Noticed Prince Ribbit
  8522 | D:8      | Killed Prince Ribbit
  8522 | D:8      | Reached skill level 11 in Unarmed Combat
  8522 | D:8      | Reached XP level 10. HP: 76/78 MP: 9/13
  8549 | D:8      | Learned a level 4 spell: Ice Form
  8714 | D:8      | Found an opulent altar of Gozag.
  8871 | D:8      | Found a runed door.
  8956 | D:8      | Found a basalt altar of Yredelemnul.
  8995 | D:8      | Reached skill level 1 in Ice Magic
  9307 | D:8      | Killed Erolcha
  9396 | D:9      | Gained mutation: You are hated by all. [Ru sacrifice]
  9396 | D:9      | Reached ** piety under Ru
 10060 | D:9      | Found a staircase to the Lair.
 10968 | D:10     | Entered Level 10 of the Dungeon
 10968 | D:10     | Noticed a hill giant
 11366 | D:10     | Reached XP level 11. HP: 91/91 MP: 14/14
 11394 | D:10     | Noticed a white ugly thing
 11409 | D:10     | Slain by a white ugly thing

Vault maps used:
D:1:      lightli_arrival_flooded_house, serial_curves, eino_curves_03,
          eino_curves_03, st_stairs_9
D:3:      first_bread, minmay_bad_closet, kennysheep_flooded_box
D:4:      portal_sewer_entry_e
D:5:      grunt_temple_overflow_forces_of_nature,
          minmay_overflow_temple_star_hex, minmay_temple_entry_statues_pillars,
          basic_altar
D:6:      minmay_statues_item, hangedman_abyss_or_decor_jellyfish_corner,
          kennysheep_nondescript
D:7:      black_bear_nest_1, grunt_ogre_cave
D:8:      lemuel_coloured_pillars_altar, hangedman_decor_lopped,
          grunt_ministairs_2, dk_yredelemnul_ordeal, uniq_psyche, uniq_erolcha,
          uniq_maurice, uniq_prince_ribbit1
D:9:      erik_lair_orcish_takeover
D:10:     serial_shops, shop, shop, minmay_misc_feat_tower,
          minmay_misc_feat_hallway, eino_house_with_fridge
Temple:   dpeg_five_rooms_temple_12
Sewer:    sewer_fruit_machine

Skill      XL: |  1  2  3  4  5  6  7  8  9 10 |
---------------+-------------------------------+-----
Unarmed Combat | 4 5 6 8 11 | 11.0
Transmutations | 3 4 5 6 7 9 |  9.1
Poison Magic   | 2 3 |  3.5
Stealth        | 1 4 5 |  5.3
Ice Magic      | 4 |  4.6
Dodging        | 3 |  3.7
Fighting       | 3 |  3.8
Spellcasting   | |  2.0

Action                   |  1- 3 |  4- 6 |  7- 9 | 10-12 || total
-------------------------+-------+-------+-------+-------++-------
Melee: Unarmed           |    42 |   164 |   291 |   258 ||   755
Throw: Stone             |     2 |       |    10 |     7 ||    19
       Tomahawk          |       |       |     2 |       ||     2
 Cast: Beastly Appendage |     6 |     8 |     4 |     2 ||    20
       Spider Form       |       |     9 |    28 |    17 ||    54
       Ice Form          |       |       |       |     5 ||     5
       Sticks to Snakes  |       |       |       |     1 ||     1
Invok: Sacrifice Drink   |       |       |     1 |       ||     1
       Sacrifice Love    |       |       |       |     1 ||     1
       Reject Sacrifices |       |       |       |     1 ||     1
 Abil: Spit Poison       |    28 |    29 |    37 |    22 ||   116
       End Transformatio |       |       |       |     2 ||     2
Evoke: Wand              |       |       |       |     1 ||     1
  Use: Scroll            |       |    10 |     3 |       ||    13
       Potion            |       |     2 |     5 |       ||     7
 Stab: Sleeping          |       |     2 |     6 |     2 ||    10
       Distracted        |       |       |       |     1 ||     1
  Eat: Chunk             |     3 |    10 |    11 |    10 ||    34
       Meat ration       |       |       |     1 |       ||     1
       Pizza             |       |       |     2 |       ||     2
       Beef jerky        |       |       |       |     1 ||     1
